 Dungeon Crawl Stone Soup version 0.22.1-5-g62c59d919a (webtiles) character file.

6003 Descartes the Blocker (level 10, 0/50 HPs)
             Began as a Vine Stalker Warper on Jan 11, 2019.
             Was a Believer of Qazlal.
             Succumbed to a spiny frog's poison
             ... on level 1 of the Lair of Beasts.
             The game lasted 00:43:27 (11508 turns).

Descartes the Blocker (Vine Stalker Warper)        Turns: 11508, Time: 00:43:27

Health: 0/50       AC:  9    Str: 13    XL:     10   Next: 85%
Magic:  24/27      EV:  9    Int: 15    God:    Qazlal [**....]
Gold:   527        SH: 20    Dex: 18    Spells: 12/19 levels left

rFire    . . .     SeeInvis .     - Unarmed
rCold    . . .     Gourm    .   g - +0 large shield
rNeg     . . .     Faith    .   M - +3 leather armour {rPois}
rPois    +         Spirit   +   (no helmet)
rElec    .         Reflect  .   (no cloak)
rCorr    .         Harm     .   t - +0 pair of gloves
MR       +....                  (no boots)
Stlth    +.........             p - amulet of magic regeneration
HPRegen  0.56/turn              b - ring of magical power
MPRegen  0.45/turn              q - +4 ring of dexterity

@: lethally poisoned (0 -> -2)
A: fangs 3, molten scales 1, regeneration 1, robust 1, weak 1, magic shield,
antimagic bite, no potion heal 3, rot immunity
a: Upheaval, Renounce Religion


You were on level 1 of the Lair of Beasts.
You worshipped Qazlal.
Qazlal was pleased with you.
You were not hungry.

You visited 3 branches of the dungeon, and saw 11 of its levels.

You collected 527 gold pieces.

Inventory:

Hand Weapons
 c - the +6 quarterstaff of Patience {pain, rN+, unknown}
   (You found it on level 4 of the Dungeon)

   In the hands of one skilled in necromantic magic, it inflicts extra damage on
   living creatures.
   It protects you from negative energy.
 i - a cursed -2 short sword
 l - a +2 hand axe of chopping
 s - a +0 shortbow
 x - a +0 hunting sling
 A - a cursed -3 halberd
Missiles
 d - 5 tomahawks of dispersal (quivered)
 e - 284 stones
 h - 21 poisoned needles
 m - 102 sling bullets
 n - 110 arrows
 w - 123 bolts
 G - 12 tomahawks
 I - 5 needles of sleeping
Armour
 g - a +0 large shield (worn)
 t - a +0 pair of gloves (worn)
 M - a +3 leather armour of poison resistance (worn)
Jewellery
 a - an uncursed ring of fire
 b - a ring of magical power (left hand)
 k - a +3 ring of strength
 p - an amulet of magic regeneration (around neck)
 q - a +4 ring of dexterity (right hand)
 J - an uncursed ring of flight
 P - a +3 ring of dexterity
Wands
 F - a wand of random effects (33)
Scrolls
 j - a scroll of magic mapping {unknown}
 o - 3 scrolls of enchant armour {unknown}
 r - 4 scrolls of teleportation {unknown}
 u - a scroll of remove curse
 v - 3 scrolls of amnesia
 C - 2 scrolls of enchant weapon {unknown}
 E - 2 scrolls of fog {unknown}
 H - a scroll of immolation {unknown}
 O - a scroll of brand weapon {unknown}
Potions
 z - 3 potions of flight
 B - a potion of curing
 D - a potion of berserk rage
 K - 2 potions of resistance
 N - a potion of degeneration {unknown}
Miscellaneous
 y - a phantom mirror
Comestibles
 f - 15 rations


   Skills:
 - Level 1.7 Fighting
 - Level 0.8 Throwing
 - Level 0.7 Armour
 - Level 1.9 Dodging
 * Level 11.5 Shields
 - Level 7.1 Unarmed Combat
 - Level 5.0 Spellcasting
 - Level 5.5 Translocations


You had 12 spell levels left.
You knew the following spells:

 Your Spells              Type           Power        Failure   Level  Hunger
a - Blink                 Tloc           N/A          19%         2    ##.....
b - Shroud of Golubria    Chrm/Tloc      ##........   50%         2    ##.....
c - Teleport Other        Tloc           ###.....     36%         3    ###....

Your spell library contained the following spells:

 Spells                   Type           Power        Failure   Level  Hunger
 Gell's Gravitas          Tloc           ###.......   36%         3    ###....
 Lesser Beckoning         Tloc           ###.......   36%         3    ###....
 Passage of Golubria      Tloc           N/A          77%         4    ####...


Dungeon Overview and Level Annotations

Branches:
Dungeon (9/15)             Temple (1/1) D:5            Lair (1/6) D:9
    Orc: D:9-12

Altars:
Ashenzari
Cheibriados
Elyvilon
Fedhas
Gozag
Hepliaklqana
Kikubaaqudgha
Makhleb
Nemelex Xobeh
Okawaru
Qazlal
Ru
Sif Muna
Trog
Uskayaw
Vehumet
Wu Jian
Xom
Yredelemnul
Zin
The Shining One

Annotations:
Lair:1 Urug


Innate Abilities, Weirdness & Mutations

You have razor-sharp teeth.
Your natural rate of healing is unusually fast.
When hurt, damage is shared between your health and your magic reserves.
Your bite disrupts and absorbs the magic of your enemies.
Potions cannot restore your health.
You are immune to rotting.
You are partially covered in molten scales. (AC +2)
You are robust. (+10% HP)
You are weak. (Str -2)


Message History

You feel sick. You block the spiny frog's attack.
You hit the spiny frog.
You kill the spiny frog!
Qazlal accepts your kill.
* * * LOW HITPOINT WARNING * * *
You feel sick. The wolf closely misses you.
You closely miss the wolf.
* * * LOW HITPOINT WARNING * * *
You feel sick. The wolf bites you. You block the wolf's attack.
You closely miss the wolf. Your bite misses the wolf.
* * * LOW HITPOINT WARNING * * *
You feel sick. You block the wolf's attack.
You closely miss the wolf. You bite the wolf. You drain its power.
You feel invigorated.
The wolf is lightly wounded.
* * * LOW HITPOINT WARNING * * *
You feel sick. You block the wolf's attack. x2
You closely miss the wolf. Your bite misses the wolf.
The wolf is lightly wounded.
You die...

####### ##≈≈≈≈≈##
##≈≈≈≈≈≈≈#
##≈≈..P<≈≈#
#≈≈.....P≈#
#≈≈...##.##
####≈...#@##
#.##≈..#h##
#.##≈≈..h# ..
#.###≈≈..# ..
#..###≈..# ..#
##..###≈≈.##
..####
#....###≈..##
.....
##...###≈...##..#
##...P###.......#


You could see 2 wolves.

Vanquished Creatures
  A two-headed ogre (D:9)
  Joseph (D:7)
  A spiny frog (Lair:1)
  A hornet (D:8)
  Grinder (D:4)
  The ghost of Essalna the Digger, an amateur GrEE (D:3)
  An orc warrior (D:7)
  2 ice beasts
  2 sky beasts (D:6)
  A wolf (Lair:1)
  A centaur (D:7)
  2 crocodiles
  9 ogres
  2 big kobolds (D:8)
  Blork the orc (D:5)
  A gnoll sergeant (D:3)
  4 bullfrogs
  2 scorpions (D:5)
  10 killer bees (D:7)
  2 howler monkeys
  2 bullfrog zombies
  2 crimson imps
  3 hounds
  3 orc wizards
  A bullfrog skeleton (D:4)
  4 orc priests
  2 centaur skeletons
  3 gnoll shamans
  2 iguanas
  4 worker ants
  A killer bee zombie (D:3)
  A hound skeleton (D:4)
  51 gnolls
  A howler monkey zombie (D:5)
  10 adders
  4 shadow imps
  2 howler monkey simulacra (D:3)
  2 adder skeletons
  4 worms
  6 dart slugs
  An adder simulacrum (D:3)
  3 leopard geckos
  30 orcs
  7 giant cockroaches
  4 goblins
  9 hobgoblins
  22 jackals
  7 quokkas
  2 ball pythons (D:2)
  5 bats
  6 frilled lizards
  A giant cockroach simulacrum (D:3)
  A jackal skeleton (D:6)
  A jackal zombie (D:8)
  18 kobolds
  A leopard gecko simulacrum (D:3)
  A leopard gecko skeleton (D:6)
  A quokka simulacrum (D:3)
  9 rats
283 creatures vanquished.

Notes
Turn   | Place    | Note
-------+----------+-------------------------------------------
     0 | D:1      | Descartes the Vine Stalker Warper began the quest for the
                  | Orb.
     0 | D:1      | Reached XP level 1. HP: 11/11 MP: 4/4
   357 | D:1      | Reached XP level 2. HP: 15/15 MP: 6/6
   361 | D:1      | Learned a level 2 spell: Blink
   364 | D:1      | Learned a level 2 spell: Shroud of Golubria
   782 | D:1      | Reached XP level 3. HP: 16/18 MP: 7/7
  1210 | D:2      | Reached skill level 1 in Shields
  1977 | D:2      | Gained mutation: Your natural rate of healing is unusually
                  | fast. [Vine Stalker growth]
  1977 | D:2      | Reached XP level 4. HP: 23/23 MP: 8/8
  2080 | D:2      | Noticed a bullfrog
  2108 | D:2      | Killed a bullfrog
  2108 | D:2      | Reached skill level 2 in Shields
  2108 | D:2      | Reached XP level 5. HP: 11/26 MP: 9/9
  2326 | D:2      | Gained mutation: You are agile. (Dex +2) [potion of
                  | mutation]
  2326 | D:2      | Gained mutation: You have sharp toenails. [potion of
                  | mutation]
  2327 | D:2      | Lost mutation: You have sharp toenails. [potion of
                  | mutation]
  2327 | D:2      | Lost mutation: You are agile. (Dex +2) [potion of mutation]
  2327 | D:2      | Gained mutation: You possess an exceptional clarity of
                  | mind. [potion of mutation]
  2327 | D:2      | Gained mutation: You are frail. (-10% HP) [potion of
                  | mutation]
  2327 | D:2      | Gained mutation: You are partially covered in molten
                  | scales. (AC +2) [potion of mutation]
  2788 | D:3      | Noticed Essalna's ghost (amateur GrEE)
  2854 | D:3      | Found a runed gate.
  2854 | D:3      | Found a runed gate.
  2854 | D:3      | Found a runed gate.
  3033 | D:3      | Reached skill level 3 in Shields
  3254 | D:3      | Reached XP level 6. HP: 18/27 MP: 10/10
  3605 | D:3      | Reached skill level 4 in Shields
  3863 | D:3      | Reached skill level 5 in Unarmed Combat
  3863 | D:3      | Reached XP level 7. HP: 27/30 MP: 11/11
  4091 | D:3      | Reached skill level 5 in Shields
  5088 | D:3      | Found a sacrificial altar of Ru.
  5210 | D:4      | Lost mutation: You are frail. (-10% HP) [potion of
                  | mutation]
  5210 | D:4      | Lost mutation: You possess an exceptional clarity of mind.
                  | [potion of mutation]
  5210 | D:4      | Gained mutation: You are weak. (Str -2) [potion of
                  | mutation]
  5210 | D:4      | Gained mutation: You are clumsy. (Dex -2) [potion of
                  | mutation]
  5210 | D:4      | Gained mutation: You are robust. (+10% HP) [potion of
                  | mutation]
  5210 | D:4      | Lost mutation: You are clumsy. (Dex -2) [potion of
                  | mutation]
  5268 | D:4      | Reached skill level 6 in Shields
  5268 | D:4      | Gained mutation: You have razor-sharp teeth. [Vine Stalker
                  | growth]
  5268 | D:4      | Reached XP level 8. HP: 12/41 MP: 5/12
  5484 | D:4      | Noticed Grinder
  5559 | D:4      | Killed Grinder
  5598 | D:4      | Learned a level 3 spell: Teleport Other
  5709 | D:4      | Got a twisted quarterstaff
  6374 | D:5      | Entered Level 5 of the Dungeon
  6377 | D:5      | Noticed Blork the orc
  6395 | D:5      | Killed Blork the orc
  6395 | D:5      | Reached skill level 7 in Shields
  6576 | D:5      | Reached XP level 9. HP: 44/46 MP: 14/14
  6616 | D:5      | Found a staircase to the Ecumenical Temple.
  6779 | Temple   | Entered the Ecumenical Temple
  6799 | Temple   | Became a worshipper of Qazlal Stormbringer
  7351 | D:5      | Found a deep blue altar of Sif Muna.
  7351 | D:5      | Found a snail-covered altar of Cheibriados.
  7352 | D:5      | Found a radiant altar of Vehumet.
  7557 | D:6      | Reached * piety under Qazlal
  7806 | D:6      | Reached skill level 8 in Shields
  8447 | D:7      | Reached skill level 5 in Translocations
  8769 | D:7      | Reached ** piety under Qazlal
  8870 | D:7      | Reached skill level 9 in Shields
  8870 | D:7      | Reached skill level 5 in Spellcasting
  8870 | D:7      | Reached XP level 10. HP: 45/50 MP: 18/18
  9308 | D:7      | Noticed Joseph
  9331 | D:7      | Killed Joseph
  9995 | D:8      | Reached skill level 10 in Shields
 10768 | D:3      | Killed Essalna's ghost
 11025 | D:9      | Noticed a two-headed ogre
 11036 | D:9      | Killed a two-headed ogre
 11036 | D:9      | Reached skill level 11 in Shields
 11240 | D:9      | Found a blossoming altar of Fedhas.
 11340 | D:9      | Found an iron altar of Okawaru.
 11398 | D:9      | Found a staircase to the Lair.
 11408 | Lair:1   | Entered Level 1 of the Lair of Beasts
 11461 | Lair:1   | Noticed a spiny frog
 11477 | Lair:1   | Noticed Urug
 11493 | Lair:1   | HP: 2/50 [spiny frog (1)]
 11499 | Lair:1   | HP: 2/50 [poisoned by Urug]
 11504 | Lair:1   | Killed a spiny frog
 11504 | Lair:1   | HP: 2/50 [poisoned by a spiny frog]
 11508 | Lair:1   | Succumbed to a spiny frog's poison

Skill      XL: |  1  2  3  4  5  6  7  8  9 10 |
---------------+-------------------------------+-----
Unarmed Combat | 3 4 5 6 7 |  7.1
Shields        | 1 2 3 4 6 7 9 11 | 11.5
Spellcasting   | 3 5 |  5.0
Translocations | 4 5 |  5.5
Fighting       | |  1.7
Throwing       | |  0.8
Armour         | |  0.7
Dodging        | |  1.9

Action                   |  1- 3 |  4- 6 |  7- 9 | 10-12 || total
-------------------------+-------+-------+-------+-------++-------
Melee: Unarmed           |   136 |   286 |   696 |   327 ||  1445
       Bite              |    38 |    89 |   195 |    94 ||   416
       Punch             |     2 |       |       |       ||     2
 Cast: Shroud of Golubri |       |       |       |     2 ||     2
  Use: Scroll            |       |     6 |     3 |     2 ||    11
       Potion            |       |     3 |     3 |     1 ||     7
  Eat: Chunk             |     3 |     7 |    17 |     9 ||    36
Armor: Leather armour    |    24 |    48 |    96 |    53 ||   221
Dodge: Dodged            |    37 |    60 |   125 |    45 ||   267
Block: Large shield      |    57 |   209 |   439 |   264 ||   969
